AoeStats
← kHaNbHaI

Arena

509971230Analyzed
4v4 RM · 3d ago on Sep 28, 2026· 28m 34s· 8 players
Game mode
Random Map
Map size
Large (8 player)
Population
200
Speed
Normal
Resources
Standard
Victory
Conquest
Starting age
Dark Age
Ending age
Imperial Age
RankedLock teamsTeams togetherTeam positionsShared explorationLock speedFull tech treeHidden civsTurbo modeCheats
Victory
Defeat
🇺🇸 Vietnamese · United States
892
+15
🇨🇭 Celts · Switzerland
878
+16
🇬🇧 Persians · United Kingdom
823
+17
🇩🇪 Turks · Germany
806
+18
🇳🇱 Khmer · Netherlands
875
-17
🇬🇧 Malay · United Kingdom
875
-17
🇳🇱 Teutons · Netherlands
859
-16
🇩🇪 Varangians · Germany
858
-16
kHaNbHaI
11:34 Feudal Age
14:51 Wheelbarrow
19:29 Castle Age
17:49 Stone Mining
25:18 Horse Collar
25:25 Double-Bit Axe
26:53 Squires
Doofus
9:59 Feudal Age
9:39 Double-Bit Axe
9:45 Horse Collar
17:54 Castle Age
18:31 Wheelbarrow
18:08 Bow Saw
17:50 Town Watch
19:35 Heavy Plow
20:00 Loom
20:47 Gold Mining
21:24 Stone Mining
22:03 Fletching
Big papi Nelis
11:54 Feudal Age
15:55 Wheelbarrow
17:53 Castle Age
16:13 Double-Bit Axe
22:07 Bow Saw
21:53 Horse Collar
24:33 Wheelbarrow
26:14 Stone Mining
victorwesselink
12:35 Feudal Age
16:03 Castle Age
14:54 Double-Bit Axe
22:45 Bow Saw
23:52 Padded Archer Armor
24:27 Stone Mining
27:59 Leather Archer Armor
27:35 Fletching
_marcus_
10:20 Feudal Age
11:00 Double-Bit Axe
10:58 Horse Collar
19:09 Castle Age
17:58 Stone Mining
20:41 Bow Saw
20:24 Gold Mining
20:37 Heavy Plow
22:32 Wheelbarrow
29:26 Imperial Age
28:12 Hand Cart
29:13 Gold Shaft Mining
Internet User
5:21 Loom
11:14 Feudal Age
16:09 Castle Age
14:11 Double-Bit Axe
15:25 Man-at-Arms
16:50 Long Swordsman
Chris
8:45 Loom
11:10 Feudal Age
11:49 Double-Bit Axe
12:43 Wheelbarrow
17:23 Castle Age
18:26 Stone Mining
20:40 Horse Collar
21:09 Fletching
23:07 Heavy Plow
27:18 Bow Saw
marwenskio
11:15 Feudal Age
13:35 Double-Bit Axe
17:11 Castle Age
18:40 Man-at-Arms
Connection lost

Rejoining the realm…

Still unreachable

The connection could not be restored.

Session expired

The server has moved on; the page needs a fresh start.